 Dungeon Crawl Stone Soup version 0.23-a0-78-gc252fe1 (webtiles) character file.

1286 galech the Chopper (level 8, -11/61 HPs)
             Began as a Demonspawn Fighter on Aug 10, 2018.
             Was a Follower of Makhleb.
             Blown up by Pikel (14 damage)
             ... with a wand of disintegration (9)
             ... on level 6 of the Dungeon.
             The game lasted 00:11:40 (5965 turns).

galech the Chopper (Demonspawn Fighter)             Turns: 5965, Time: 00:11:41

Health: -11/61     AC: 12    Str: 16    XL:     8   Next: 30%
Magic:  8/8        EV:  7    Int: 10    God:    Makhleb [*.....]
Gold:   123        SH:  9    Dex: 15    Spells: 7/7 levels left

rFire    . . .     SeeInvis +   a - +0 war axe
rCold    + . .     Gourm    +   c - +0 shield
rNeg     . . .     Faith    .   v - +0 plate armour
rPois    .         Spirit   .   (helmet restricted)
rElec    .         Reflect  .   (no cloak)
rCorr    .         Harm     .   (no gloves)
MR       .....                  (no boots)
Stlth    ..........             D - amulet of the gourmand
HPRegen  0.20/turn              n - ring of see invisible
MPRegen  0.11/turn              q - +4 ring of evasion

@: no status effects
A: antennae 1, claws 1, hooves 1, cold resistance 1
a: Renounce Religion


You were on level 6 of the Dungeon.
You worshipped Makhleb.
Makhleb was aware of your devotion.
You were very full.

You visited 1 branch of the dungeon, and saw 6 of its levels.

You collected 288 gold pieces.
You spent 165 gold pieces at shops.

Inventory:

Hand Weapons
 a - a +0 war axe (weapon)
Armour
 c - a +0 shield (worn)
 v - a +0 plate armour (worn)
Jewellery
 e - an uncursed ring of resist corrosion
 n - a ring of see invisible (left claw)
 q - a +4 ring of evasion (right claw)
 x - an uncursed ring of positive energy
 D - an amulet of the gourmand (around neck)
Wands
 w - a wand of iceblast (9)
 A - a wand of scattershot (6)
Scrolls
 g - 3 scrolls of amnesia
 i - a scroll of noise {unknown}
 j - a scroll of fear
 l - a scroll of blinking {unknown}
 p - a scroll of fog
 r - 2 scrolls of magic mapping
 t - 4 scrolls of teleportation
 y - a scroll of summoning {unknown}
 B - a scroll of remove curse
 C - 2 scrolls of enchant armour
Potions
 b - a potion of heal wounds {unknown}
 d - a potion of might
 h - a potion of mutation {unknown}
 k - 2 potions of berserk rage
 m - 6 potions of curing
 o - a potion of agility {unknown}
 s - a potion of resistance {unknown}
 u - 2 potions of flight {unknown}
 z - a potion of magic {unknown}
 E - a potion of lignification {unknown}
Comestibles
 f - 11 rations


   Skills:
 + Level 4.7 Fighting
 + Level 6.1 Axes
 + Level 5.0 Armour
 + Level 0.6 Dodging
 + Level 1.7 Stealth
 + Level 4.8 Shields


You had 7 spell levels left.
You didn't know any spells.
Your spell library contained the following spells:

 Spells                   Type           Power        Failure   Level  Hunger
 Magic Dart               Conj           #...         100%        1    ##.....
 Conjure Flame            Conj/Fire      #.......     100%        3    ####...
 Slow                     Hex            #.......     100%        2    ###....
 Confuse                  Hex            #.......     100%        3    ####...
 Mephitic Cloud           Conj/Pois/Air  #.......     100%        3    ####...
 Blink                    Tloc           N/A          100%        2    ###....
 Call Imp                 Summ           #.......     100%        2    ###....
 Tukima's Dance           Hex            #.......     100%        3    ####...
 Ensorcelled Hibernation  Hex/Ice        #.....       100%        2    ###....
 Corona                   Hex            #......      100%        1    ##.....
 Dazzling Spray           Conj/Hex       #.....       100%        3    ####...


Dungeon Overview and Level Annotations

Branches:
Dungeon (6/15)
 Temple: D:4-7

Altars:
Hepliaklqana
Makhleb
Okawaru
Vehumet

Shops:
D:5 ?   D:6 %

Annotations:
D:6 Pikel


Innate Abilities, Weirdness & Mutations

You have a pair of small antennae on your head.
You have sharp fingernails.
You have large cloven feet.
Your flesh is cold resistant. (rC+)


Message History

Pikel zaps a wand.
You struggle to resist.
The slave barely misses you.
You closely miss Pikel. Your kick misses Pikel.
Pikel is moderately wounded.
You hit the slave. The slave hits you but does no damage.
Pikel hits you with a whip of freezing.
* * * LOW HITPOINT WARNING * * *
Unknown command.
You hit Pikel but do no damage. You kick Pikel, but do no damage.
Pikel is moderately wounded.
Your shield and plate armour prevent you from hitting the slave.
Pikel hits you with a whip of freezing.
* * * LOW HITPOINT WARNING * * *
The slave hits you.
* * * LOW HITPOINT WARNING * * *
You slash Pikel!
Pikel is severely wounded.
You hit the slave.
Pikel says, "You'll feel the lick of my whip!"
Pikel zaps a wand.
You are blasted!
You die...

#.............. ....
#.............. #...
#.............. ###..?
#.....#####.... #.....
#.....# #.... ....p
#.....# #.... ..p{
#.....# #....
##K###.....# #....
##.#.p@......#######...
...∩..........#.....#...
..#.#.........#.>...#...
.......5.....#.....#.))
...#..........#.....#.).
.. #..........#.....#...
# #..........##....#...
....#########....##..
..... #.....#..


You could see Pikel, 3 slaves and a crimson imp.

Vanquished Creatures
  Sigmund (D:5)
  Eustachio (D:4)
  A phantom (D:4)
  A centaur (D:5)
  2 bullfrogs
  A wyvern skeleton (D:6)
  A crimson imp (D:6)
  A hound (D:4)
  An orc priest (D:3)
  A centaur skeleton (D:4)
  A bullfrog skeleton (D:5)
  3 iguanas
  Ijyb (D:5)
  3 worker ants
  2 orc wizards
  A hound zombie (D:6)
  4 gnolls (D:3)
  A howler monkey skeleton (D:5)
  11 adders
  An ooze (D:1)
  2 worms (D:2)
  2 dart slugs
  3 leopard geckos
  9 orcs
  2 ball pythons
  2 giant cockroaches
  5 goblins
  9 hobgoblins
  8 jackals
  5 quokkas
  5 bats
  3 frilled lizards
  A giant cockroach zombie (D:6)
  7 kobolds
  A leopard gecko skeleton (D:4)
  13 rats
116 creatures vanquished.

Notes
Turn   | Place    | Note
-------+----------+-------------------------------------------
     0 | D:1      | galech the Demonspawn Fighter began the quest for the Orb.
     0 | D:1      | Reached XP level 1. HP: 18/18 MP: 1/1
   138 | D:1      | Gained mutation: Your flesh is cold resistant. (rC+) [demonic ancestry]
   138 | D:1      | Reached XP level 2. HP: 22/24 MP: 2/2
   298 | D:1      | Reached skill level 2 in Axes
   898 | D:2      | Reached XP level 3. HP: 29/29 MP: 3/3
  1477 | D:2      | Gained mutation: You have large cloven feet. [demonic ancestry]
  1477 | D:2      | Reached XP level 4. HP: 35/35 MP: 4/4
  2298 | D:3      | Reached XP level 5. HP: 35/41 MP: 5/5
  2686 | D:3      | Reached skill level 1 in Stealth
  2695 | D:3      | Reached skill level 3 in Axes
  3024 | D:3      | Found a radiant altar of Vehumet.
  3024 | D:3      | Found an iron altar of Okawaru.
  3043 | D:3      | Found a burning altar of Makhleb.
  3046 | D:3      | Found a hazy altar of Hepliaklqana.
  3047 | D:3      | Found a faded altar of an unknown god.
  3055 | D:3      | Became a worshipper of Makhleb the Destroyer
  3178 | D:4      | Gained mutation: You have sharp fingernails. [demonic ancestry]
  3178 | D:4      | Reached XP level 6. HP: 41/48 MP: 6/6
  3609 | D:4      | Noticed Eustachio
  3703 | D:4      | Killed Eustachio
  3703 | D:4      | Reached skill level 4 in Axes
  3703 | D:4      | Reached XP level 7. HP: 30/54 MP: 7/7
  4195 | D:4      | Reached skill level 5 in Axes
  4577 | D:5      | Entered Level 5 of the Dungeon
  4691 | D:5      | Found Loyroledgh's Magic Scroll Shop.
  4696 | D:5      | Bought 2 scrolls of enchant armour for 165 gold pieces
  4786 | D:5      | Noticed Ijyb
  4794 | D:5      | Noticed Sigmund
  5020 | D:5      | Killed Ijyb
  5035 | D:5      | Killed Sigmund
  5184 | D:5      | Gained mutation: You have a pair of small antennae on your head. [demonic ancestry]
  5184 | D:5      | Reached XP level 8. HP: 44/61 MP: 8/8
  5588 | D:6      | Reached skill level 5 in Armour
  5646 | D:6      | Reached skill level 6 in Axes
  5834 | D:6      | Reached * piety under Makhleb
  5944 | D:6      | Found Meafikh's Food Emporium.
  5949 | D:6      | Noticed Pikel
  5964 | D:6      | HP: 3/61 [slave[Pikel] (6)]
  5965 | D:6      | Blown up by Pikel

Vault maps used:
D:1:      dpeg_arrival_pits
D:2:      first_ration
D:3:      chequers_temple_overflow_minitemple
D:4:      uniq_eustachio
D:5:      serial_shops, shop, uniq_ijyb, uniq_sigmund
D:6:      serial_shops, nicolae_shop_crystal, uniq_pikel

Skill      XL: |  1  2  3  4  5  6  7  8 |
---------------+-------------------------+-----
Armour         | 3 4 5 |  5.0
Axes           | 2 3 4 5 6 |  6.1
Shields        | 3 4 |  4.8
Stealth        | 1 |  1.7
Fighting       | 4 |  4.7
Dodging        | |  0.6

Action                   |  1- 3 |  4- 6 |  7- 9 || total
-------------------------+-------+-------+-------++-------
Melee: War axe           |    88 |   224 |   193 ||   505
       Kick              |       |    50 |    61 ||   111
  Use: Scroll            |     4 |     1 |     2 ||     7
  Eat: Chunk             |     2 |     7 |    16 ||    25
Armor: Scale mail        |    39 |       |       ||    39
       Plate armour      |     6 |   177 |   114 ||   297
Dodge: Dodged            |    33 |    92 |    57 ||   182
Block: Shield            |    58 |   150 |   111 ||   319

Table legend:
 A = Non-vault XP
 B = Vault XP
 C = Vault XP percentage of total XP
 D = Non-vault monster count
 E = Vault monster count
 F = Vault count percentage of total count
 G = Total turns spent on level
                 A         B        C        D         E       F
            +---------+---------+-------+---------+---------+-------
      Total |    1379 |     459 |  25.0 |     113 |       3 |   2.6
            +---------+---------+-------+---------+---------+-------
        D:1 |      34 |       0 |   0.0 |      18 |       0 |   0.0
        D:2 |      93 |       0 |   0.0 |      24 |       0 |   0.0
        D:3 |     219 |       0 |   0.0 |      32 |       0 |   0.0
        D:4 |     484 |     196 |  28.8 |      16 |       1 |   5.9
        D:5 |     230 |     263 |  53.3 |      10 |       2 |  16.7
        D:6 |     319 |       0 |   0.0 |      13 |       0 |   0.0
            +---------+---------+-------+---------+---------+-------
